 Dungeon Crawl Stone Soup version 0.28-a0-309-gf6d37e6e1d (webtiles) character file.

Game seed: 2303522629894487896

72 PentaManta the Cudgeller (level 4, 0/28 HPs)
             Began as a Gargoyle Monk on Aug 30, 2021.
             Slain by a kobold (6 damage)
             ... on level 3 of the Dungeon.
             The game lasted 00:02:42 (2110 turns).

PentaManta the Cudgeller (Gargoyle Monk)            Turns: 2110, Time: 00:02:42

Health: 0/28       AC:  9    Str: 16    XL:     4   Next: 25%
Magic:  4/4        EV:  8    Int: 10    God:
Gold:   52         SH:  0    Dex: 12    Spells: 3/3 levels left

rFire   . . .      SeeInvis .   n - +0 flail
rCold   . . .      Faith    .   (no shield)
rNeg    + + .      Spirit   .   c - +0 ring mail
rPois   ∞          Reflect  .   h - +0 helmet
rElec   +          Harm     .   (no cloak)
rCorr   .          Rampage  .   (no gloves)
Will    +....                   (no boots)
Stlth   +.........              (no amulet)
HPRegen 0.09/turn               l - ring of positive energy
MPRegen 0.09/turn               m - ring of willpower

@: constricted
A: sickness immunity, AC +3, negative energy resistance 1, electricity
resistance, torment resistance 1, petrification resistance
a: no special abilities


You were on level 3 of the Dungeon.
You visited 1 branch of the dungeon, and saw 3 of its levels.

You collected 52 gold pieces.

Inventory:

Hand Weapons
 a - a +0 mace
 n - a +0 flail (weapon)
Armour
 b - a +0 robe
 c - a +0 ring mail (worn)
 h - a +0 helmet (worn)
Jewellery
 l - a ring of positive energy (left hand)
 m - a ring of willpower (right hand)
Scrolls
 f - a scroll of identify {unknown}
 g - a scroll of teleportation {unknown}
 j - a scroll of summoning {unknown}
Potions
 d - a potion of ambrosia {unknown}
 e - 2 potions of curing {unknown}
 i - a potion of attraction {unknown}
 k - a potion of lignification {unknown}


   Skills:
 - Level 3.2 Fighting
 + Level 5.0 Maces & Flails
 - Level 2.4 Dodging
 - Level 2.1 Stealth


You had 3 spell levels left.
You didn't know any spells.
Your spell library was empty.

Dungeon Overview and Level Annotations

Branches:
Dungeon (3/15)

Altars:
Ashenzari
Yredelemnul

Annotations:
D:3 Terence


Innate Abilities, Weirdness & Mutations

You are immune to sickness and miasma.
Your stone body is resilient. (AC +3)
You are immune to poison.
You resist negative energy. (rN+)
You are resistant to electric shocks. (rElec)
You are resistant to unholy torment.
You are immune to petrification.


Message History

A kobold comes into view.
It is wielding a +1 flail of protection.
A kobold is nearby!
A ball python comes into view.
Found a faded altar of an unknown god.
A frilled lizard comes into view.
The frilled lizard hisses angrily.
The ball python hisses angrily.
You barely miss the kobold. The kobold closely misses you.
You closely miss the kobold. The ball python closely misses you.
The ball python grabs you. The ball python constricts you.
The kobold barely misses you.
You barely miss the kobold. The ball python barely misses you.
The ball python constricts you. The kobold barely misses you.
The ball python bites you but does no damage.
The ball python constricts you.
You hit the kobold.
The kobold is heavily wounded.
The kobold hits you but does no damage. The ball python misses you.
The ball python constricts you.
You closely miss the kobold.
The kobold is heavily wounded.
The ball python bites you but does no damage.
The ball python constricts you. The kobold hits you but does no damage.
The kobold hits you with a +1 flail of protection.
The ball python barely misses you. The ball python constricts you.
You closely miss the kobold.
The kobold is heavily wounded.
The ball python barely misses you. The ball python constricts you.
The kobold hits you with a +1 flail of protection!
You barely miss the kobold.
The kobold is heavily wounded.
The ball python bites you but does no damage.
The ball python constricts you.
The kobold hits you with a +1 flail of protection!
* * * LOW HITPOINT WARNING * * *
You hit the kobold but do no damage.
The kobold is moderately wounded.
The ball python bites you but does no damage.
The ball python constricts you.
The kobold hits you with a +1 flail of protection.
You die...

##### ##### #... #>.... .
###.#######.# #.###.###.
#......@K...###........
##.####S####.........#.##
#..# ..... #.###.###..)).
#..#.......#....<....#.##
#..#..#'#.S#.###.###.#.#
#..#..#_#..#.....# #.#.#
#..#..###..#.###†# #.#†#
#..#.......#...#.###†#.##
#..# #.............


You could see a ball python and a kobold.

Vanquished Creatures
  An adder (D:2)
  A worm (D:3)
  2 dart slugs (D:1)
  3 orcs (D:3)
  An endoplasm (D:2)
  4 giant cockroaches
  9 goblins
  4 hobgoblins
  3 jackals (D:3)
  5 ball pythons
  8 bats
  A frilled lizard (D:1)
  5 kobolds
  4 rats
51 creatures vanquished.

Notes
Turn   | Place    | Note
-------+----------+-------------------------------------------
     0 | D:1      | PentaManta the Gargoyle Monk began the quest for the Orb.
     0 | D:1      | Reached XP level 1. HP: 14/14 MP: 1/1
    73 | D:1      | Reached XP level 2. HP: 19/19 MP: 2/2
   483 | D:1      | Reached skill level 4 in Maces & Flails
   703 | D:1      | Reached XP level 3. HP: 23/23 MP: 3/3
  1818 | D:3      | Noticed Terence
  1883 | D:3      | Found a broken altar of Ashenzari.
  1908 | D:3      | Reached XP level 4. HP: 21/28 MP: 4/4
  2053 | D:3      | Reached skill level 5 in Maces & Flails
  2054 | D:3      | Found a basalt altar of Yredelemnul.
  2100 | D:3      | Found a faded altar of an unknown god.
  2110 | D:3      | Slain by a kobold

Illustrated notes

Levels and vault maps discovered:
D:1:      lightli_arrival_boilingwater, layout_basic
D:2:      layout_basic
D:3:      layout_basic, mainiacjoe_overflow_concentric_impassable, minitemple,
          hellmonk_ecumenical_altar_inner_sanctum, dk_noncrumbling_4,
          uniq_terence

Skill      XL: |  1  2  3  4 |
---------------+-------------+-----
Maces & Flails | 4 5 |  5.0
Fighting       | |  3.2
Dodging        | |  2.4
Stealth        | |  2.1

Action                   |  1- 3 |  4- 6 || total
-------------------------+-------+-------++-------
Melee: Mace              |   132 |     5 ||   137
       Flail             |       |    23 ||    23
Armor: Ring mail         |    66 |    21 ||    87
       Robe              |     1 |       ||     1
Dodge: Dodged            |   101 |    25 ||   126

Table legend: (Time is in decaauts)
 A = Elapsed time spent in this place.
 B = Non-inter-level travel time spent in this place.
 C = Inter-level travel time spent in this place.
 D = Time resting spent in this place.
 E = Time spent auto-exploring this place.
 F = Levels seen in this place.
 G = Mean time per level.
                   A        B        C        D        E       F      G
               +--------+--------+--------+--------+--------+-----+--------+
         Total |   2140 |   1981 |    159 |     69 |   1473 |   3 |  713.3 |
       Dungeon |   2140 |   1981 |    159 |     69 |   1473 |   3 |  713.3 |
               +--------+--------+--------+--------+--------+-----+--------+

Top non-repeatable levels by time:
     D:2: 1099 daAuts
     D:1: 792 daAuts
     D:3: 248 daAuts
